A- SE
CHARLOTTE STONE CRABS @ FORT MYERS MIGHTY MUSSELS
06/02/2042
 
TOP OF THE 1ST
Charlotte Stone Crabs batting - Pitching for Fort Myers Mighty Mussels : RHP Len Roach
Pitching: RHP Len Roach
Batting: RHB Juan Rodríguez 0-0: Ground out 5-3 (Groundball, 56S, EV 66.3 MPH)
Batting: RHB Nunno Gerardo 0-0: Swinging Strike
0-1: Ball
1-1: Called Strike
1-2: Ball
2-2: Strikes out swinging
Batting: LHB Jonathan Owens 0-0: Swinging Strike
0-1: Ball
1-1: Swinging Strike
1-2: Ball
2-2: Foul Ball, location: 2RF
2-2: Foul Ball, location: 2F
2-2: Fly out, F7 (Flyball, 7, EV 96.9 MPH)
Top of the 1st over - 0 runs, 0 hits, 0 errors, 0 left on base; Charlotte 0 - Fort Myers 0
BOTTOM OF THE 1ST
Fort Myers Mighty Mussels batting - Pitching for Charlotte Stone Crabs : RHP Cisco Peña
Pitching: RHP Cisco Peña
Batting: RHB Jeremy Hoffman 0-0: Ball
1-0: Ball
2-0: Ball
3-0: Base on Balls
Batting: LHB Jeff MacNamara 0-0: Ball
1-0: Sac Bunt to 2R - play at first, batter safe!
Jeremy Hoffman to second
Batting: RHB Benny Armstrong 0-0: Ball
Jeremy Hoffman steals 3rd base
1-0: Fly out, F9 (Flyball, 89M, EV 99.4 MPH)
Batting: RHB Steve Walton 0-0: Ball
1-0: Fly out, F7 (Flyball, 7LSF, EV 96.3 MPH)
Batting: SHB Josh Brooks 0-0: Called Strike
0-1: Ball
1-1: Swinging Strike
1-2: Hit by Pitch
Jeff MacNamara to second
Batting: LHB Caden Montgomery 0-0: Ground out 4-3 (Groundball, 4, EV 84.4 MPH)
Bottom of the 1st over - 0 runs, 1 hit, 0 errors, 3 left on base; Charlotte 0 - Fort Myers 0
TOP OF THE 2ND
Charlotte Stone Crabs batting - Pitching for Fort Myers Mighty Mussels : RHP Len Roach
Batting: RHB Luis Sánchez 0-0: Foul Ball, location: 5FF
0-1: Ball
1-1: Ball
2-1: Ground out 6-3 (Groundball, 56, EV 102.5 MPH)
Batting: RHB António Mojica 0-0: Swinging Strike
0-1: Called Strike
0-2: Ball
1-2: Ball
2-2: Strikes out looking
Batting: RHB José Fernández 0-0: Swinging Strike
0-1: Ball
1-1: Ball
2-1: Swinging Strike
2-2: Strikes out swinging
Top of the 2nd over - 0 runs, 0 hits, 0 errors, 0 left on base; Charlotte 0 - Fort Myers 0
BOTTOM OF THE 2ND
Fort Myers Mighty Mussels batting - Pitching for Charlotte Stone Crabs : RHP Cisco Peña
Batting: SHB Darrel Taylor 0-0: Ball
1-0: Ball
2-0: Called Strike
2-1: Foul Ball, location: 7LDF
2-2: Foul Ball, location: 23F
2-2: Ball
3-2: Base on Balls
Batting: RHB Aarão Benchimol 0-0: Ball
1-0: SINGLE (Line Drive, 4MD, EV 101.9 MPH)
Darrel Taylor to second
Batting: RHB António León 0-0: Called Strike
0-1: Foul Ball, location: 25F
0-2: Ball
1-2: Foul Ball, location: 2F
1-2: Ball
2-2: Strikes out swinging
Batting: RHB Jeremy Hoffman 0-0: Ball
1-0: Ball
2-0: Foul Ball, location: 2F
2-1: Foul Ball, location: 7LDF
2-2: Foul Ball, location: 9LSF
2-2: Ball
3-2: Fly out, F8 (Flyball, 8RD, EV 96.9 MPH)
Batting: LHB Jeff MacNamara 0-0: Foul Ball, location: 2F
0-1: Fly out, F9 (Flyball, 9LS, EV 94.4 MPH)
Bottom of the 2nd over - 0 runs, 1 hit, 0 errors, 2 left on base; Charlotte 0 - Fort Myers 0
TOP OF THE 3RD
Charlotte Stone Crabs batting - Pitching for Fort Myers Mighty Mussels : RHP Len Roach
Batting: LHB Andy Turner 0-0: Ball
1-0: Fly out, F7 (Flyball, 78S, EV 95.0 MPH)
Batting: RHB Mike Lee 0-0: Called Strike
0-1: Ball
1-1: Ball
2-1: Fly out, F9 (Flyball, 89M, EV 90.6 MPH)
Batting: RHB Juan Sánchez 0-0: Called Strike
0-1: Foul Ball, location: 5DF
0-2: SINGLE (Groundball, 6D, EV 97.5 MPH)
Batting: RHB Juan Rodríguez 0-0: Called Strike
0-1: Foul Ball, location: 25F
0-2: Ball
1-2: DOUBLE (Line Drive, 7LM, EV 103.8 MPH)
Juan Sánchez to third
Runner from 3rd tries for Home, SAFE, no throw by LF
Batting: RHB Nunno Gerardo 0-0: Ball
1-0: TRIPLE (Flyball, 9LD, EV 93.8 MPH)
Juan Rodríguez scores
Batting: LHB Jonathan Owens 0-0: Ball
1-0: Ground out 4-3 (Groundball, 4, EV 106.9 MPH)
Top of the 3rd over - 2 runs, 3 hits, 0 errors, 1 left on base; Charlotte 2 - Fort Myers 0
BOTTOM OF THE 3RD
Fort Myers Mighty Mussels batting - Pitching for Charlotte Stone Crabs : RHP Cisco Peña
Batting: RHB Benny Armstrong 0-0: Fly out, F8 (Line Drive, 8LD, EV 97.5 MPH)
Batting: RHB Steve Walton 0-0: Ball
1-0: Ball
2-0: Called Strike
2-1: Foul Ball, location: 5F
2-2: Ball
3-2: Strikes out swinging
Batting: SHB Josh Brooks 0-0: Ball
1-0: Swinging Strike
1-1: Ball
2-1: Ball
3-1: Foul Ball, location: 25FF
3-2: Base on Balls
Batting: LHB Caden Montgomery 0-0: Swinging Strike
0-1: Called Strike
0-2: TRIPLE (Line Drive, 78XD, EV 100.0 MPH)
Josh Brooks scores
Batting: SHB Darrel Taylor 0-0: Ball
1-0: Swinging Strike
1-1: Hit by Pitch
Pinch Runner at 1st Julián Correa:
Batting: RHB Aarão Benchimol 0-0: Ball
1-0: Ball
2-0: Swinging Strike
2-1: Ball
3-1: Base on Balls
Julián Correa to second
Batting: RHB António León 0-0: Foul Ball, location: 3F
0-1: Ball
1-1: Called Strike
1-2: Ball
2-2: Foul Ball, location: 3FF
2-2: Ball
3-2: Strikes out swinging
Bottom of the 3rd over - 1 run, 1 hit, 0 errors, 3 left on base; Charlotte 2 - Fort Myers 1
TOP OF THE 4TH
Charlotte Stone Crabs batting - Pitching for Fort Myers Mighty Mussels : RHP Len Roach
Now at C: Julián Correa
Batting: RHB Luis Sánchez 0-0: Called Strike
0-1: Ball
1-1: Ball
2-1: Ball
3-1: Base on Balls
Batting: RHB António Mojica 0-0: Ball
1-0: Hit by Pitch
Luis Sánchez to second
Batting: RHB José Fernández 0-0: Called Strike
0-1: Foul Ball, location: 23FF
0-2: Ball
1-2: Strikes out swinging
Batting: LHB Andy Turner 0-0: Called Strike
0-1: Fielders Choice at 2nd, 1-6 (Groundball, 34S, EV 63.8 MPH)
Luis Sánchez to third
Batting: RHB Mike Lee 0-0: Ball
1-0: Called Strike
1-1: Ball
2-1: Ball
3-1: Base on Balls
Andy Turner to second
Batting: RHB Juan Sánchez 0-0: Ball
1-0: Foul Ball, location: 7LSFF
1-1: Ball
2-1: Ball
3-1: GRAND SLAM HOME RUN (Flyball, 7D, EV 98.1 MPH), Distance : 366 ft
Pitching: RHP Cedric Parker
Batting: RHB Juan Rodríguez 0-0: Called Strike
0-1: Called Strike
0-2: Strikes out swinging
Top of the 4th over - 4 runs, 1 hit, 0 errors, 0 left on base; Charlotte 6 - Fort Myers 1
BOTTOM OF THE 4TH
Fort Myers Mighty Mussels batting - Pitching for Charlotte Stone Crabs : RHP Cisco Peña
Batting: RHB Jeremy Hoffman 0-0: Ball
1-0: Ground out 6-3 (Groundball, 6MD, EV 102.5 MPH)
Batting: LHB Jeff MacNamara 0-0: Ball
1-0: Ball
2-0: Ball
3-0: Called Strike
3-1: Swinging Strike
3-2: SINGLE (Groundball, 56D, EV 101.9 MPH)
Pitching: LHP Tony Sullivan
Batting: RHB Benny Armstrong 0-0: Called Strike
0-1: Fly out, F4 (Line Drive, 4M, EV 73.8 MPH)
Batting: RHB Steve Walton 0-0: Ball
1-0: Called Strike
1-1: Ball
2-1: Swinging Strike
2-2: Ball
3-2: Strikes out swinging
Bottom of the 4th over - 0 runs, 1 hit, 0 errors, 1 left on base; Charlotte 6 - Fort Myers 1
TOP OF THE 5TH
Charlotte Stone Crabs batting - Pitching for Fort Myers Mighty Mussels : RHP Cedric Parker
Batting: RHB Nunno Gerardo 0-0: Ball
1-0: Ball
2-0: Called Strike
2-1: Ground out 1-3 (Groundball, P, EV 62.5 MPH)
Batting: LHB Jonathan Owens 0-0: Ball
1-0: Swinging Strike
1-1: Ball
2-1: Ball
3-1: Base on Balls
Batting: RHB Luis Sánchez 0-0: Grounds into double play, 5-4-3 (Groundball, 5, EV 85.0 MPH)
Top of the 5th over - 0 runs, 0 hits, 0 errors, 0 left on base; Charlotte 6 - Fort Myers 1
BOTTOM OF THE 5TH
Fort Myers Mighty Mussels batting - Pitching for Charlotte Stone Crabs : LHP Tony Sullivan
Batting: SHB Josh Brooks 0-0: Ball
1-0: Called Strike
1-1: Called Strike
1-2: Ball
2-2: Strikes out swinging
Batting: LHB Caden Montgomery 0-0: Swinging Strike
0-1: Ball
1-1: Ground out 5-3 (Groundball, 56, EV 103.8 MPH)
Batting: RHB Julián Correa 0-0: Ball
1-0: Ball
2-0: Called Strike
2-1: Foul Ball, location: 9LSF
2-2: Strikes out swinging
Bottom of the 5th over - 0 runs, 0 hits, 0 errors, 0 left on base; Charlotte 6 - Fort Myers 1
TOP OF THE 6TH
Charlotte Stone Crabs batting - Pitching for Fort Myers Mighty Mussels : RHP Cedric Parker
Batting: RHB António Mojica 0-0: Ball
1-0: Ground out 4-3 (Groundball, 4, EV 83.8 MPH)
Batting: RHB José Fernández 0-0: Foul Ball, location: 9LDF
0-1: Ball
1-1: Foul Ball, location: 9LMF
1-2: Ball
2-2: Foul Ball, location: 2F
2-2: Ball
3-2: SINGLE (Line Drive, 7S, EV 100.0 MPH)
Batting: LHB Andy Turner 0-0: Swinging Strike
0-1: Ball
1-1: Ball
2-1: Ball
3-1: SINGLE (Groundball, 6MS, EV 71.9 MPH) (infield hit)
José Fernández to second
Batting: RHB Mike Lee 0-0: Ball
1-0: Ball
2-0: Ball
3-0: Called Strike
3-1: Foul Ball, location: 9LDF
3-2: Fly out, F9 (Flyball, 9, EV 90.6 MPH)
Batting: RHB Juan Sánchez 0-0: Called Strike
0-1: Called Strike
0-2: Ball
1-2: Ball
2-2: Strikes out looking
Top of the 6th over - 0 runs, 2 hits, 0 errors, 2 left on base; Charlotte 6 - Fort Myers 1
BOTTOM OF THE 6TH
Fort Myers Mighty Mussels batting - Pitching for Charlotte Stone Crabs : LHP Tony Sullivan
Batting: RHB Aarão Benchimol 0-0: Ball
1-0: Called Strike
1-1: Ball
2-1: Foul Ball, location: 2F
2-2: Strikes out swinging
Batting: RHB António León 0-0: Swinging Strike
0-1: Called Strike
0-2: Ball
1-2: Strikes out swinging
Batting: RHB Jeremy Hoffman 0-0: Ball
1-0: Ball
2-0: Ball
3-0: Called Strike
3-1: Foul Ball, location: 7LDF
3-2: Foul Ball, location: 3DF
3-2: Strikes out swinging wild pitch, reaches first!
Batting: LHB Jeff MacNamara 0-0: Ball
1-0: Fielders Choice at 2nd, 6-4 (Groundball, 6, EV 85.6 MPH)
Bottom of the 6th over - 0 runs, 0 hits, 0 errors, 1 left on base; Charlotte 6 - Fort Myers 1
TOP OF THE 7TH
Charlotte Stone Crabs batting - Pitching for Fort Myers Mighty Mussels : RHP Cedric Parker
Batting: RHB Juan Rodríguez 0-0: Called Strike
0-1: Called Strike
0-2: Ball
1-2: Ball
2-2: Foul Ball, location: 2F
2-2: Strikes out swinging
Batting: RHB Nunno Gerardo 0-0: Called Strike
0-1: Ball
1-1: Ball
2-1: Foul Ball, location: 2F
2-2: Foul Ball, location: 7LSF
2-2: Foul Ball, location: 2F
2-2: Fly out, F9 (Flyball, 89M, EV 85.6 MPH)
Batting: LHB Jonathan Owens 0-0: Ball
1-0: Ground out U3 (Groundball, 13, EV 88.1 MPH)
Top of the 7th over - 0 runs, 0 hits, 0 errors, 0 left on base; Charlotte 6 - Fort Myers 1
BOTTOM OF THE 7TH
Fort Myers Mighty Mussels batting - Pitching for Charlotte Stone Crabs : LHP Tony Sullivan
Batting: RHB Benny Armstrong 0-0: SINGLE (Line Drive, 89S, EV 90.6 MPH)
Batting: RHB Steve Walton 0-0: Foul Ball, location: 2F
0-1: Foul Ball, location: 3DF
0-2: Strikes out swinging
Batting: SHB Josh Brooks 0-0: Called Strike
0-1: Ball
1-1: Foul Ball, location: 23FF
1-2: Ball
2-2: Foul Ball, location: 2F
2-2: SINGLE (Groundball, 4D, EV 105.0 MPH) (infield hit)
Benny Armstrong to second
Batting: LHB Caden Montgomery 0-0: Called Strike
0-1: Ball
1-1: Foul Ball, location: 2F
1-2: Fly out, F7 (Flyball, 7D, EV 103.8 MPH)
Batting: RHB Julián Correa 0-0: Called Strike
0-1: Called Strike
0-2: Ball
1-2: Ball
2-2: Ball
3-2: Foul Ball, location: 9LSF
3-2: Foul Ball, location: 23F
3-2: Foul Ball, location: 9LDF
3-2: Foul Ball, location: 2F
3-2: Foul Ball, location: 9LSF
3-2: Base on Balls
Benny Armstrong to third
Josh Brooks to second
Batting: RHB Aarão Benchimol 0-0: Ball
1-0: Ball
2-0: Ball
3-0: Called Strike
3-1: Foul Ball, location: 2F
3-2: DOUBLE (Line Drive, 5D, EV 105.6 MPH)
Benny Armstrong scores
Josh Brooks scores
Julián Correa to third
Julián Correa scores
Pitching: RHP Dave Heath
Batting: RHB António León 0-0: Called Strike
0-1: Ball
1-1: Swinging Strike
1-2: Ball
2-2: Strikes out swinging
Bottom of the 7th over - 3 runs, 3 hits, 0 errors, 1 left on base; Charlotte 6 - Fort Myers 4
TOP OF THE 8TH
Charlotte Stone Crabs batting - Pitching for Fort Myers Mighty Mussels : RHP Cedric Parker
Batting: RHB Luis Sánchez 0-0: Ball
1-0: SINGLE (Line Drive, 78S, EV 98.8 MPH)
Batting: RHB António Mojica 0-0: Hit by Pitch
Luis Sánchez to second
Pitching: RHP Danny Green
Batting: RHB José Fernández 0-0: Ball
1-0: Called Strike
1-1: Ball
2-1: Ball
3-1: Grounds into double play, 5-4-3 (Groundball, 56S, EV 85.0 MPH)
Luis Sánchez to third
Batting: LHB Andy Turner 0-0: Ball
1-0: Called Strike
1-1: Foul Ball, location: 3FF
1-2: Ball
2-2: Strikes out swinging
Top of the 8th over - 0 runs, 1 hit, 0 errors, 1 left on base; Charlotte 6 - Fort Myers 4
BOTTOM OF THE 8TH
Fort Myers Mighty Mussels batting - Pitching for Charlotte Stone Crabs : RHP Dave Heath
Pinch Hitting: SHB Eric Clark 0-0: Ball
1-0: Swinging Strike
1-1: Ball
2-1: Ball
3-1: Ground out U3 (Groundball, 3L, EV 76.3 MPH)
Batting: LHB Jeff MacNamara 0-0: Called Strike
0-1: Called Strike
0-2: Foul Ball, location: 7LSFF
0-2: Strikes out swinging
Batting: RHB Benny Armstrong 0-0: Ball
1-0: Foul Ball, location: 2F
1-1: Ball
2-1: Foul Ball, location: 2F
2-2: Ball
3-2: Foul Ball, location: 25F
3-2: Foul Ball, location: 2F
3-2: Base on Balls
Batting: RHB Dave McCormick 0-0: Foul Ball, location: 9LDF
0-1: Fielders Choice at 2nd, 6-4 (Groundball, 6, EV 100.6 MPH)
Bottom of the 8th over - 0 runs, 0 hits, 0 errors, 1 left on base; Charlotte 6 - Fort Myers 4
TOP OF THE 9TH
Charlotte Stone Crabs batting - Pitching for Fort Myers Mighty Mussels : RHP Danny Green
Now in LF: Eric Clark
Now in CF: Jeff MacNamara
Now in RF: Aarão Benchimol
Batting: RHB José Canseco 0-0: Ball
1-0: Swinging Strike
1-1: Foul Ball, location: 25F
1-2: Foul Ball, location: 7LSF
1-2: Ball
2-2: Ball
3-2: Strikes out looking
Batting: RHB Juan Sánchez 0-0: Ball
1-0: Called Strike
1-1: Ground out 6-3 (Groundball, 6, EV 88.8 MPH)
Batting: RHB Juan Rodríguez 0-0: Called Strike
0-1: DOUBLE (Line Drive, 3D, EV 110.6 MPH)
Batting: RHB Nunno Gerardo 0-0: Fly out, F8 (Flyball, 8LD, EV 96.3 MPH)
Top of the 9th over - 0 runs, 1 hit, 0 errors, 1 left on base; Charlotte 6 - Fort Myers 4
BOTTOM OF THE 9TH
Fort Myers Mighty Mussels batting - Pitching for Charlotte Stone Crabs : RHP Dave Heath
Pitching: LHP Tony Small
Now at SS: Danny Clemente
Now in LF: José Rivera
Batting: SHB Josh Brooks 0-0: Ball
1-0: Ground out 6-3 (Groundball, 6, EV 101.9 MPH)
Batting: LHB Caden Montgomery 0-0: Swinging Strike
0-1: Ball
1-1: Called Strike
1-2: Strikes out looking
Batting: RHB Julián Correa 0-0: Ball
1-0: Ball
2-0: SINGLE (Groundball, 56D, EV 97.5 MPH)
Batting: RHB Aarão Benchimol 0-0: Called Strike
0-1: Ball
1-1: Called Strike
1-2: Ball
2-2: SINGLE (Flyball, 8LS, EV 92.5 MPH)
Julián Correa to second
Batting: RHB António León 0-0: Swinging Strike
0-1: Foul Ball, location: 2F
0-2: Strikes out swinging
Bottom of the 9th over - 0 runs, 2 hits, 0 errors, 2 left on base; Charlotte 6 - Fort Myers 4
Monday, April 29th , 2024 - OOTP Baseball 24.10 Build 82